 Dungeon Crawl Stone Soup version 0.30.1-11-g7821555f0a (webtiles) character file.

Game seed: 11574897273725691577

5331 A1ecks the Basher (level 10, -3/135 HPs)
             Began as a Minotaur Fighter on Nov 9, 2023.
             Was a Priest of Qazlal.
             Slain by an orc warrior
             ... wielding a +0 halberd
              (9 damage)
             ... on level 9 of the Dungeon.
             The game lasted 00:37:00 (6910 turns).

A1ecks the Basher (Minotaur Fighter)                Turns: 6910, Time: 00:37:01

Health: -3/135     AC: 10    Str: 36    XL:     10   Next: 38%
Magic:  9/9        EV: 12    Int:  5    God:    Qazlal [***...]
Gold:   336        SH: 11    Dex: 11    Spells: 9/9 levels left

rFire   . . .        s - +7 whip (drain)
rCold   . . .        c - +1 buckler
rNeg    . . .        G - +0 acid dragon scales
rPois   .            w - +2 hat
rElec   .            (no cloak)
rCorr   +            (no gloves)
SInv    .            (no boots)
Will    .....        (no amulet) Stlth
                     M - +6 ring of strength
HPRegen 0.42/turn    O - +6 ring of strength
MPRegen 0.11/turn

%: no passive effects
@: berserking, very quick
A: horns 2, retaliatory headbutt
a: Renounce Religion, Upheaval, Elemental Force


You were on level 9 of the Dungeon.
You worshipped Qazlal.
Qazlal was most pleased with you.
You visited 1 branch of the dungeon, and saw 9 of its levels.

You collected 522 gold pieces.
You spent 186 gold pieces at shops.

Inventory:

Hand Weapons
 a - a +1 scythe of venom
 b - a +3 long sword of freezing
 e - a +2 vampiric short sword
 g - a +1 falchion of holy wrath
 s - a +7 whip of draining (weapon)
 u - a +5 war axe of freezing
 I - a +1 scimitar of flaming
 N - a +4 dagger
Armour
 c - a +1 buckler (worn)
 f - a +0 pair of gloves
 q - a +0 cloak
 r - a +0 robe
 w - a +2 hat (worn)
 G - +0 acid dragon scales (worn)
Magical Staves
 o - a staff of fire
 z - a staff of death
Jewellery
 j - the ring "Fadoite" {rC+ rCorr Int+3 Stlth-}
   (You found it on level 5 of the Dungeon)

   [ring of resist corrosion]

   Int:       It affects your intelligence (+3).
   rC:        It protects you from cold.
   rCorr:     It protects you from acid and corrosion.
   Stlth:     It makes you less stealthy.
 l - a +6 ring of dexterity
 H - a +4 ring of protection
 K - a ring of poison resistance
 M - a +6 ring of strength (left hand)
 O - a +6 ring of strength (right hand)
Wands
 A - a wand of roots (11)
 B - a wand of flame (37)
 P - a wand of polymorph (3)
Scrolls
 k - 4 scrolls of vulnerability
 m - 2 scrolls of teleportation
 x - 4 scrolls of identify
 E - a scroll of fog
Potions
 d - 2 potions of might
 h - 6 potions of mutation
 i - 2 potions of haste
 n - a potion of heal wounds {unknown}
 t - a potion of berserk rage
 C - 2 potions of flight
 D - a potion of curing
 J - a potion of attraction {unknown}
 L - a potion of resistance


   Skills:
 + Level 8.7 Fighting
 + Level 2.6 Long Blades
 + Level 2.1(7.5) Axes
 + Level 11.4(11.5) Maces & Flails
 + Level 1.6 Throwing
 + Level 9.2 Armour
 + Level 4.3 Dodging
 + Level 1.1 Stealth
 + Level 7.2 Shields


You had 9 spell levels left.
You didn't know any spells.
Your spell library contained the following spells:

 Spells                   Type           Power      Damage    Failure   Level
 Ensorcelled Hibernation  Hex/Ice        0%         N/A       71%         2
 Passwall                 Tmut/Erth      0%         N/A       71%         2
 Gell's Gravitas          Tloc           0%         N/A       90%         3
 Portal Projectile        Hex/Tloc       0%         N/A       90%         3
 Swiftness                Air            0%         N/A       90%         3
 Teleport Other           Tloc           0%         N/A       90%         3
 Tukima's Dance           Hex            0%         N/A       90%         3
 Vhi's Electric Charge    Tloc/Air       0%         N/A       90%         3
 Arcjolt                  Conj/Air       0%         1d10      100%        5
 Blade Hands              Tmut           0%         N/A       100%        5
 Dispersal                Tloc           0%         N/A       100%        6
 Maxwell's Capacitive Co  Air            0%         ∞         100%        8


Dungeon Overview and Level Annotations

Branches:
Dungeon (9/15)             Temple (0/1) D:6             Orc (0/2) D:9
   Lair: D:8-11

Altars:
Ashenzari
Kikubaaqudgha
Makhleb
Qazlal
Ru
Trog
Vehumet
Wu Jian
Yredelemnul

Shops:
D:6 (

Annotations:
D:9 Grum, Harold


Innate Abilities, Weirdness & Mutations

You have a pair of horns on your head.
You reflexively headbutt those who attack you in melee.


Message History

The orc warrior hits you from afar with a +0 halberd.
The orc warrior completely misses you. You block the orc warrior's attack.
The orc warrior closely misses you. The orc priest misses you.
You furiously retaliate!
You headbutt the orc priest!!
You kill the orc priest!
Qazlal accepts your kill.
The orc warrior is engulfed in blazing flames.
You block the orc warrior's attack.
There is a broken door, spattered with blood here.
Items here: (( ))) [ ††.
You block the orc warrior's attack.
The orc warrior is engulfed in blazing flames.
The orc warrior closely misses you.
The orc warrior hits you with a +0 halberd.
You barely miss the orc warrior.
The orc warrior is lightly wounded.
The orc warrior barely misses you.
The orc warrior is engulfed in blazing flames.
You block the orc warrior's attack.
The orc warrior hits you with a +2 flail of holy wrath!
* * * LOW HITPOINT WARNING * * *
The orc warrior hits you with a +0 halberd!
* * * LOW HITPOINT WARNING * * *
A red film seems to cover your vision as you go berserk!
You feel yourself moving faster!
You feel mighty!
The orc warrior hits you with a +0 halberd!
* * * LOW HITPOINT WARNING * * *
The orc warrior hits you from afar with a +0 halberd.
* * * LOW HITPOINT WARNING * * *
The orc warrior is engulfed in blazing flames.
You block the orc warrior's attack.
You completely miss the orc warrior.
The orc warrior is lightly wounded.
You barely miss the orc warrior.
The orc warrior is lightly wounded.
You barely miss the orc warrior.
The orc warrior is lightly wounded.
The orc warrior hits you from afar with a +0 halberd!
You die...

## #
##8#######
...#.o.#.≈≈§#
......)#o○§§#
.....{o)@.§§#
.....oo#o.≈≈#
...#.oo#.≈≈≈#
# ##8#######
##


You could see 4 orc warriors and 3 orcs.

Vanquished Creatures
  Maurice (D:8)
  Maggie (D:7)
  A hornet (D:9)
  Sigmund (D:6)
  A wyvern (D:8)
  12 yaks
  A steam dragon (D:8)
  2 orc warriors
  An ice beast (D:5)
  2 ogres (D:4)
  A sky beast (D:6)
  3 wolves (D:9)
  A centaur (D:6)
  A phantom (D:5)
  3 scorpions
  8 wights (D:8)
  4 howler monkeys
  3 hounds
  2 jellies
  A gnoll bouda (D:7)
  4 orc priests
  A sleepcap (D:5)
  2 iguanas
  4 orc wizards
  A mummy (D:8)
  4 gnolls (D:7)
  9 adders
  3 shadow imps (D:6)
  A white imp (D:7)
  An ufetubus (D:5)
  2 adder skeletons (D:3)
  A worm (D:3)
  18 orcs
  5 bats
  A bat zombie (D:8)
  3 endoplasms
  3 giant cockroaches
  4 goblins
  5 hobgoblins
  7 jackals
  6 quokkas
  13 ball pythons
  A ball python skeleton (D:3)
  A hobgoblin zombie (D:8)
  A jackal skeleton (D:3)
  A jackal zombie (D:3)
  A kobold (D:4)
  2 kobold zombies (D:8)
  An orc zombie (D:8)
  6 rats
  A rat zombie (D:8)
163 creatures vanquished.

Notes
Turn   | Place    | Note
-------+----------+-------------------------------------------
     0 | D:1      | A1ecks the Minotaur Fighter began the quest for the Orb.
     0 | D:1      | Reached XP level 1. HP: 19/19 MP: 0/0
    80 | D:1      | Reached XP level 2. HP: 27/27 MP: 1/1
   259 | D:1      | Found a faded altar of an unknown god.
   503 | D:2      | Found a stormy altar of Qazlal.
   545 | D:2      | Became a worshipper of Qazlal Stormbringer
   565 | D:2      | Reached XP level 3. HP: 30/33 MP: 2/2
   885 | D:2      | Reached skill level 1 in Axes
  1045 | D:3      | Reached XP level 4. HP: 39/40 MP: 3/3
  1103 | D:3      | Reached * piety under Qazlal
  1233 | D:3      | Found a radiant altar of Vehumet.
  1246 | D:3      | Found a basalt altar of Yredelemnul.
  1350 | D:3      | Reached skill level 1 in Dodging
  1449 | D:3      | Found an ornate altar of the Wu Jian Council.
  1449 | D:3      | Found a burning altar of Makhleb.
  1606 | D:4      | Noticed a scorpion
  1622 | D:4      | Killed a scorpion
  1623 | D:4      | Reached skill level 1 in Maces & Flails
  1623 | D:4      | Reached XP level 5. HP: 32/47 MP: 4/4
  1749 | D:4      | Reached skill level 5 in Armour
  1836 | D:4      | Noticed an ogre
  1844 | D:4      | Killed an ogre
  1845 | D:4      | Reached skill level 2 in Maces & Flails
  1845 | D:4      | Reached XP level 6. HP: 38/55 MP: 5/5
  2177 | D:4      | Reached skill level 5 in Fighting
  2177 | D:4      | Reached skill level 3 in Maces & Flails
  2177 | D:4      | Reached skill level 1 in Throwing
  2350 | D:5      | Entered Level 5 of the Dungeon
  2359 | D:5      | Noticed an ice beast
  2369 | D:5      | Killed an ice beast
  2369 | D:5      | Reached ** piety under Qazlal
  2370 | D:5      | Reached XP level 7. HP: 57/61 MP: 6/6
  2405 | D:5      | Reached skill level 4 in Maces & Flails
  2564 | D:5      | Found a sacrificial altar of Ru.
  2672 | D:5      | Identified the ring "Fadoite" {rC+ rCorr Int+3 Stlth-}
  2774 | D:5      | Found a bloodstained altar of Trog.
  2852 | D:6      | Found Dadunulo's Weapon Boutique.
  2994 | D:6      | Reached skill level 5 in Maces & Flails
  3018 | D:6      | Reached skill level 5 in Shields
  3077 | D:6      | Reached skill level 6 in Maces & Flails
  3077 | D:6      | Reached XP level 8. HP: 35/68 MP: 7/7
  3262 | D:6      | Found a staircase to the Ecumenical Temple.
  3439 | D:6      | Noticed Sigmund
  3461 | D:6      | Killed Sigmund
  3688 | D:6      | Bought a +1 falchion of holy wrath for 186 gold pieces
  3754 | D:6      | Reached skill level 7 in Maces & Flails
  4257 | D:7      | Noticed Maggie
  4274 | D:7      | Killed Maggie
  4515 | D:7      | Reached skill level 8 in Maces & Flails
  5264 | D:8      | Found a broken altar of Ashenzari.
  5303 | D:8      | Reached XP level 9. HP: 67/78 MP: 8/8
  5422 | D:8      | Reached skill level 9 in Maces & Flails
  5749 | D:8      | Reached skill level 10 in Maces & Flails
  5754 | D:8      | Reached *** piety under Qazlal
  5914 | D:8      | Found an ancient bone altar of Kikubaaqudgha.
  6109 | D:8      | Noticed Maurice
  6117 | D:8      | Killed Maurice
  6118 | D:8      | Reached XP level 10. HP: 85/88 MP: 9/9
  6610 | D:9      | Reached skill level 1 in Stealth
  6615 | D:9      | Reached skill level 11 in Maces & Flails
  6645 | D:9      | Noticed Grum
  6662 | D:9      | Noticed a death yak
  6670 | D:9      | Noticed Harold
  6678 | D:9      | Found a staircase to the Orcish Mines.
  6907 | D:9      | HP: 5/135 [orc warrior/+0 halberd (3)]
  6910 | D:9      | Slain by an orc warrior

Illustrated notes

Levels and vault maps discovered:
D:1:      psy_arrival_dodecagon, layout_rooms, ebering_ecumenical_altar_hall
D:2:      layout_rooms, basic_altar, corexii_hall_statues_l
D:3:      layout_rooms, nicolae_overflow_two_pavilions, jmf_multi_god_temple,
          serial_undead, serial_undead_f, serial_undead_b, serial_undead_f,
          serial_undead_f
D:4:      layout_rooms
D:5:      layout_rooms, lemuel_tele_altar, mainiacjoe_overflow_catwalk
D:6:      layout_loops_corners, minmay_temple_entry_statues_pillars,
          serial_shops, nicolae_shop_window_shopping, uniq_sigmund
D:7:      layout_cave_pods, uniq_maggie
D:8:      layout_basic, lemuel_zombie_altar_kikubaaqudgha, lemuel_crystal_altar,
          minmay_mini_ossuary, uniq_maurice
D:9:      layout_basic, dpeg_lair_monsters, david_orc_4,
          kennysheep_small_circle, uniq_grum, uniq_harold, uniq_joseph

Skill      XL: |  1  2  3  4  5  6  7  8  9 10 |
---------------+-------------------------------+-----
Armour         | 4 5 6 7 8 9 |  9.2
Shields        | 4 5 6 7 |  7.2
Fighting       | 4 5 6 8 |  8.7
Axes           | 1 2 |  2.1
Dodging        | 1 3 4 |  4.3
Maces & Flails | 1 2 3 6 8 10 11 | 11.4
Throwing       | 1 |  1.6
Stealth        | 1 |  1.1
Long Blades    | |  2.6

Action                     |  1- 3 |  4- 6 |  7- 9 | 10-12 || total
---------------------------+-------+-------+-------+-------++-------
  Melee: Hand axe          |    80 |       |       |       ||    80
         Headbutt          |     9 |    17 |    56 |     8 ||    90
         Whip              |       |   105 |   252 |    58 ||   415
  Throw: Dart              |     6 |    15 |       |     3 ||    24
    Use: Scroll            |       |     9 |     7 |     4 ||    20
         Potion            |       |     4 |     4 |     1 ||     9
 Armour: Scale mail        |    54 |    39 |    29 |       ||   122
         Acid dragon scale |       |       |    16 |    14 ||    30
  Dodge: Dodged            |    46 |    49 |    68 |    25 ||   188
  Block: Buckler           |    13 |    33 |    59 |    25 ||   130
